 Dungeon Crawl Stone Soup version 0.27-a0-1565-gad902ab807 (webtiles) character file.

Game seed: 13814933111393283097

183 tilp the Caller (level 5, 0/41 HPs)
             Began as a Barachi Summoner on July 16, 2021.
             Slain by Menkaure (14 damage)
             ... on level 4 of the Dungeon.
             The game lasted 00:08:56 (4643 turns).

tilp the Caller (Barachi Summoner)                  Turns: 4643, Time: 00:08:56

Health: 0/41       AC:  5    Str: 10    XL:     5   Next: 62%
Magic:  7/9        EV: 11    Int: 15    God:
Gold:   62         SH:  0    Dex: 13    Spells: 4/10 levels left

rFire    . . .     SeeInvis .   a - +1 mace
rCold    . . .     Faith    .   (no shield)
rNeg     . . .     Spirit   .   d - +0 ring mail
rPois    .         Reflect  .   (no helmet)
rElec    .         Harm     .   (no cloak)
rCorr    .         Rampage  .   (no gloves)
Will     .....                  (no boots)
Stlth    +.........             (no amulet)
HPRegen  0.13/turn              (no ring)
MPRegen  0.11/turn              (no ring)

@: slow
A: amphibious, slowness 1, strong legs 1, +LOS
a: Hop


You were on level 4 of the Dungeon.
You visited 1 branch of the dungeon, and saw 4 of its levels.

You collected 62 gold pieces.

Inventory:

Hand Weapons
 a - a +1 mace (weapon)
 b - a +0 short sword
 c - a +0 hand axe
Missiles
 f - 24 poisoned darts (quivered)
 j - 5 silver boomerangs
Armour
 d - a +0 ring mail (worn)
Potions
 h - a potion of heal wounds
 k - a potion of magic {unknown}


   Skills:
 + Level 3.0 Fighting
 + Level 3.0 Dodging
 + Level 2.6 Stealth
 - Level 3.0 Spellcasting
 - Level 6.0 Summonings


You had 4 spell levels left.
You knew the following spells:

 Your Spells              Type           Power      Damage    Failure   Level
a - Summon Small Mammal   Summ           80%        N/A       4%          1
b - Call Imp              Summ           20%        N/A       7%          2
c - Call Canine Familiar  Summ           20%        N/A       13%         3

Your spell library contained the following spells:

 Spells                   Type           Power      Damage    Failure   Level
 Summon Guardian Golem    Hex/Summ       11%        N/A       41%         3
 Pain                     Necr           8%         1d4       45%         1
 Summon Lightning Spire   Summ/Air       11%        N/A       83%         4
 Agony                    Necr           2%         N/A       100%        5
 Excruciating Wounds      Necr           1%         N/A       100%        5


Dungeon Overview and Level Annotations

Branches:
Dungeon (4/15)
 Temple: D:4-7

Altars:
Dithmenos
Vehumet
Zin

Shops:
D:2 (

Annotations:
D:3 dig vault
D:4 Eustachio, Menkaure


Innate Abilities, Weirdness & Mutations

You are amphibious.
You cover ground slowly.
You can hop short distances.
You have an extended range of vision and can be seen from far away.


Message History

There is a stone staircase leading up here.
Unknown command.
There is an open door here.
You open the door.
Menkaure, Prince of Dust comes into view.
Menkaure shouts!
There is an open door here.
Unknown command.
You hit Menkaure.
Menkaure is lightly damaged.
Menkaure casts a spell at you.
You barely resist.
Casting: Call Imp (safe; 7% risk of failure)
Confirm with . or Enter, or press ? or * to list all spells.
Menkaure closely misses you.
Menkaure gestures at you while chanting.
Pain shoots through your body!
Your hound bites Menkaure.
Menkaure misses your hound.
Unknown command.
Your hound barely misses Menkaure.
Unknown command.
Your hound bites Menkaure.
Menkaure closely misses your hound.
Your hound bites Menkaure.
Unknown command.
You swap places.
Menkaure barely misses you.
There is an open door here.
Menkaure hits you!
Unknown command.
Your ring mail prevents you from hitting Menkaure.
Menkaure is moderately damaged.
Your hound barely misses Menkaure.
Your hound bites Menkaure but does no damage.
Menkaure hits you!
* * * LOW HITPOINT WARNING * * *
Your hound bites Menkaure but does no damage.
You barely miss Menkaure.
Menkaure is moderately damaged.
Your hound bites Menkaure but does no damage.
Menkaure hits you!
You die...

#...............
#...............
#...............
#...............
#....#######'###
#....+ #.....#
#####....# #.....#
#..Mh....# .#..<..#
#..@#....# .########
#...#....# .#.......
+####+#....# .#.......
...........# .#.......
...........# .#.......
...........# .#.......
......$....##'#.......
............@.....####
..)...............#...


You could see Menkaure (ally target) and a friendly hound (summoned).

Vanquished Creatures
  A phantom (D:3)
  A gnoll (D:4)
  A worm (D:2)
  3 dart slugs
  5 ball pythons
  2 endoplasms
  4 giant cockroaches
  4 goblins
  7 hobgoblins
  2 jackals (D:2)
  4 quokkas
  4 bats
  2 frilled lizards
  4 kobolds
  7 rats
51 creatures vanquished.

Vanquished Creatures (collateral kills)
  3 gnolls (D:4)
  3 adders
  A worm (D:2)
  A dart slug (D:1)
  A ball python (D:4)
  An endoplasm (D:4)
  A giant cockroach (D:2)
  A hobgoblin (D:2)
  2 jackals (D:2)
  A bat (D:1)
  A frilled lizard (D:2)
  5 kobolds
  7 rats
28 creatures vanquished.

Grand Total: 79 creatures vanquished

Notes
Turn   | Place    | Note
-------+----------+-------------------------------------------
     0 | D:1      | tilp the Barachi Summoner began the quest for the Orb.
     0 | D:1      | Reached XP level 1. HP: 13/13 MP: 3/3
   147 | D:1      | Reached skill level 1 in Fighting
   276 | D:1      | Reached XP level 2. HP: 21/22 MP: 1/5
   354 | D:1      | Learned a level 2 spell: Call Imp
   510 | D:1      | Reached skill level 5 in Summonings
  1112 | D:2      | Reached XP level 3. HP: 22/27 MP: 1/6
  1294 | D:2      | Learned a level 3 spell: Call Canine Familiar
  1500 | D:2      | Found a faded altar of an unknown god.
  1674 | D:2      | Found Pyanig's Weapon Boutique.
  2391 | D:3      | Reached XP level 4. HP: 33/33 MP: 3/8
  2434 | D:3      | Noticed a phantom
  2669 | D:3      | Found a shadowy altar of Dithmenos.
  2669 | D:3      | Found a radiant altar of Vehumet.
  3126 | D:3      | Found a glowing silver altar of Zin.
  3456 | D:3      | Reached skill level 6 in Summonings
  3562 | D:3      | Killed a phantom
  3563 | D:3      | Reached XP level 5. HP: 39/39 MP: 3/9
  4112 | D:4      | Noticed Eustachio
  4139 | D:4      | HP: 2/41 [hound skeleton (4)]
  4544 | D:4      | Noticed a phantom
  4632 | D:4      | Noticed Menkaure
  4643 | D:4      | Slain by Menkaure

Illustrated notes

Levels and vault maps discovered:
D:1:      eino_arrival_cavern_b, layout_basic
D:2:      layout_loops_ring, serial_shops, shop, ebering_ecumenical_altar_box
D:3:      layout_loops_corners, zin_treasury, gammafunk_temple_overflow_statue,
          kennysheep_flooded_box
D:4:      layout_gridville, kennysheep_mini_moat, enter_ossuary_3,
          uniq_menkaure, uniq_eustachio, uniq_duvessa

Skill      XL: |  1  2  3  4  5 |
---------------+----------------+-----
Fighting       | 1 2 3 |  3.0
Summonings     | 5 6 |  6.0
Spellcasting   | 3 |  3.0
Stealth        | 2 |  2.6
Dodging        | 3 |  3.0

Action                   |  1- 3 |  4- 6 || total
-------------------------+-------+-------++-------
Melee: Short sword       |    20 |       ||    20
       Hand axe          |    41 |       ||    41
       Mace              |    68 |    66 ||   134
Throw: Boomerang         |       |     4 ||     4
       Dart              |       |     6 ||     6
 Cast: Summon Small Mamm |    13 |       ||    13
       Call Imp          |    15 |    19 ||    34
       Call Canine Famil |     2 |     6 ||     8
 Abil: Hop               |       |     1 ||     1
  Use: Scroll            |     2 |     5 ||     7
       Potion            |       |     1 ||     1
 Stab: Sleeping          |     1 |       ||     1
       Invisible         |       |     1 ||     1
Armor: Ring mail         |    59 |    60 ||   119
       Robe              |     3 |       ||     3
Dodge: Dodged            |    70 |    90 ||   160

Table legend: (Time is in decaauts)
 A = Elapsed time spent in this place.
 B = Non-inter-level travel time spent in this place.
 C = Inter-level travel time spent in this place.
 D = Time resting spent in this place.
 E = Time spent auto-exploring this place.
 F = Levels seen in this place.
 G = Mean time per level.
                   A        B        C        D        E       F      G
               +--------+--------+--------+--------+--------+-----+--------+
         Total |   5196 |   4896 |    300 |    861 |   3044 |   4 | 1299.0 |
       Dungeon |   5196 |   4896 |    300 |    861 |   3044 |   4 | 1299.0 |
               +--------+--------+--------+--------+--------+-----+--------+

Top non-repeatable levels by time:
     D:3: 2081 daAuts
     D:2: 1576 daAuts
     D:1: 1169 daAuts
     D:4: 368 daAuts
